 Dungeon Crawl Stone Soup version 0.31-a0-818-ge7c7cf74f0 (webtiles) character file.

Game seed: 13490711636495105584

447303 adelrune the Skinwalker (level 24, -2/224 HPs)
             Began as a Merfolk Shapeshifter on Sept 22, 2023.
             Was the Champion of Nemelex Xobeh.
             Slain by an azure jelly (44 damage)
             ... on level 4 of the Pits of Slime.
             The game lasted 04:05:40 (52654 turns).

adelrune the Skinwalker (Merfolk Shapeshifter)     Turns: 52654, Time: 04:06:10

Health: -2/224     AC: -6    Str: 27      XL:     24   Next: 22%
Magic:  22/30      EV: 50    Int:  9 (10) God:    Nemelex Xobeh [******]
Gold:   913        SH:  5    Dex: 17      Spells: 23/23 levels left

rFire   . .          .
                       - Unarmed
rCold   . . .        u - melded +18 shield of the Gong {Loud rN+ Will+ rCorr EV-5}
rNeg    . . .        P - melded +7 chain mail "Oboet" {rC+ MP-9 Int+4}
rPois   ∞            G - melded +0 helmet {Int+3}
rElec   +            C - melded +1 cloak
rCorr   +            (gloves currently unavailable)
SInv    .            L - melded +2 pair of boots
Will    +....        D - amulet of reflection
Stlth   ++           H - ring of Wisdom {rCorr Str+6}
HPRegen 0.57/turn    R - +4 ring of protection
MPRegen 0.22/turn

%: reflection, clarity
@: storm-form, marked, corroded, flying
A: cleaving, insubstantial, flying, (nimble swimmer 2), (mertail), clarity,
deterioration 2, low MP 1, robust 1, wild magic 1, (sturdy frame 1)
}: 2/15 runes: decaying, serpentine
a: Blinkbolt, Begin Untransformation, Renounce Religion, Draw Escape, Draw
Destruction, Draw Summoning, Triple Draw, Deal Four, Stack Five


You were on level 4 of the Pits of Slime.
You worshipped Nemelex Xobeh.
Nemelex Xobeh was exalted by your worship.
You were a lightning-filled tempest!
You visited 8 branches of the dungeon, and saw 42 of its levels.
You visited the Abyss 1 time.
You visited 1 bazaar.
You also visited: Bailey, Gauntlet and Wizlab.

You collected 5372 gold pieces.
You spent 4459 gold pieces at shops.

Inventory:

Hand Weapons
 b - the +4 sling of Putrescence {speed, rPois Str+3 Dex+3}
   (You found it on level 2 of the Dungeon)

   Str+3:     It affects your strength (+3).
   Dex+3:     It affects your dexterity (+3).
   rPois:     It protects you from poison
Armour
 d - a +2 pair of gloves
 u - the +18 shield of the Gong (melded) {Loud rN+ Will+ rCorr EV-5}
   (You found it on level 3 of the Vaults)

   Loud:      It is deafeningly noisy when blocking attacks.
   EV-5:      It affects your evasion (-5).
   rN+:       It protects you from negative energy.
   Will+:     It increases your willpower.
   rCorr:     It protects you from acid and corrosion.
 C - a +1 cloak (melded)
 G - a +0 helmet of intelligence (melded)
 L - a +2 pair of boots (melded)
 P - the +7 chain mail "Oboet" (melded) {rC+ MP-9 Int+4}
   (You found it on level 2 of the Lair of Beasts)

   Int+4:     It affects your intelligence (+4).
   rC+:       It protects you from cold.
   MP-9:      It affects your magic capacity (-9).
 Y - the +5 kite shield of the Storm King {rN+}
   (You bought it in a shop on level 2 of the Orcish Mines)

   rN+:       It protects you from negative energy.
Jewellery
 D - an amulet of reflection (around neck)
 F - a ring of protection from cold
 H - the ring of Wisdom (left fist) {rCorr Str+6}
   (You took it off an orc on level 9 of the Dungeon)

   [ring of strength]

   Str+6:     It affects your strength (+6).
   rCorr:     It protects you from acid and corrosion.
 N - a ring of protection from fire
 R - a +4 ring of protection (right fist)
 T - an amulet of regeneration
Talismans
 K - a storm talisman (active)
 M - a granite talisman
Wands
 r - a wand of polymorph (17)
 y - a wand of flame (20)
 z - a wand of mindburst (4)
 A - a wand of paralysis (47)
 O - a wand of digging (38)
Scrolls
 c - 4 scrolls of revelation
 f - 12 scrolls of enchant weapon
 i - 14 scrolls of teleportation
 j - 6 scrolls of blinking
 k - 2 scrolls of brand weapon
 m - 5 scrolls of summoning
 n - 8 scrolls of poison
 p - 13 scrolls of fear
 q - a scroll of acquirement
 t - 5 scrolls of enchant armour
 w - 7 scrolls of immolation
 I - 2 scrolls of fog
 J - 2 scrolls of torment
 S - 6 scrolls of amnesia
 U - a scroll of noise
 W - 4 scrolls of vulnerability
 Z - 3 scrolls of silence
Potions
 a - 8 potions of brilliance
 e - 5 potions of heal wounds
 g - 5 potions of cancellation
 h - 5 potions of curing
 l - 2 potions of invisibility
 o - 5 potions of ambrosia
 s - 3 potions of enlightenment
 v - 5 potions of berserk rage
 x - 4 potions of attraction
 B - 2 potions of magic
 E - 7 potions of mutation
 Q - 5 potions of might
 V - 7 potions of resistance
 X - 4 potions of haste


   Skills:
 + Level 20.0 Fighting
 - Level 4.7 Armour
 + Level 23.1 Dodging
 * Level 16.6 Shields
 + Level 21.2 Unarmed Combat
 + Level 14.9 Invocations
 - Level 25.0 Shapeshifting


You had 23 spell levels left.
You didn't know any spells.
Your spell library contained the following spells:

 Spells                   Type           Power      Damage    Failure   Level
 Apportation              Tloc           0%         N/A       47%         1
 Foxfire                  Conj/Fire      0%         2x1d4     47%         1
 Kiss of Death            Conj/Necr      0%         2d5       47%         1
 Magic Dart               Conj           0%         1d3       47%         1
 Necrotise                Necr           0%         1d4       47%         1
 Slow                     Hex            0%         N/A       47%         1
 Summon Small Mammal      Summ           0%         N/A       47%         1
 Blink                    Tloc           0%         N/A       61%         2
 Ensorcelled Hibernation  Hex/Ice        0%         N/A       61%         2
 Lesser Beckoning         Tloc           0%         N/A       61%         2
 Momentum Strike          Conj/Tloc      0%         3d8       61%         2
 Passwall                 Tmut/Erth      0%         N/A       61%         2
 Searing Ray              Conj           0%         2d4       61%         2
 Static Discharge         Conj/Air       0%         2-2/arc   61%         2
 Wereblood                Tmut           0%         N/A       61%         2
 Confusing Touch          Hex            0%         N/A       83%         3
 Dazzling Flash           Conj/Hex       0%         N/A       83%         3
 Frozen Ramparts          Ice            0%         1d1       83%         3
 Gell's Gravitas          Tloc           0%         N/A       83%         3
 Hailstorm                Conj/Ice       0%         3d3       83%         3
 Sigil of Binding         Hex            0%         N/A       83%         3
 Swiftness                Air            0%         N/A       83%         3
 Teleport Other           Tloc           0%         N/A       83%         3
 Tukima's Dance           Hex            0%         N/A       83%         3
 Vampiric Draining        Necr           0%         2d6       83%         3
 Volatile Blastmotes      Fire/Tloc      0%         2d10      83%         3
 Airstrike                Air            0%         2d(0-16)  99%         4
 Animate Dead             Necr           0%         N/A       99%         4
 Dispel Undead            Necr           0%         3d6       99%         4
 Fulminant Prism          Conj/Hex       0%         3d5       99%         4
 Iskenderun's Mystic Bla  Conj/Tloc      0%         2d3       99%         4
 Leda's Liquefaction      Hex/Erth       0%         N/A       99%         4
 Passage of Golubria      Tloc           0%         N/A       99%         4
 Petrify                  Tmut/Erth      0%         N/A       99%         4
 Summon Ice Beast         Ice/Summ       0%         N/A       99%         4
 Summon Lightning Spire   Summ/Air       0%         N/A       99%         4
 Vhi's Electric Charge    Tloc/Air       0%         N/A       99%         4
 Agony                    Necr           0%         N/A       100%        5
 Arcjolt                  Conj/Air       0%         1d10      100%        5
 Borgnjor's Vile Clutch   Necr/Erth      0%         N/A       100%        5
 Irradiate                Conj/Tmut      0%         3d11      100%        5
 Lee's Rapid Deconstruct  Erth           0%         3d4*      100%        5
 Metabolic Englaciation   Hex/Ice        0%         N/A       100%        5
 Silence                  Hex/Air        0%         N/A       100%        5
 Yara's Violent Unravell  Hex/Tmut       0%         3d3       100%        5
 Bombard                  Conj/Erth      0%         9d1       100%        6
 Conjure Ball Lightning   Conj/Air       0%         3x3d6     100%        6
 Death Channel            Necr           0%         N/A       100%        6
 Plasma Beam              Fire/Air       0%         2x1d10    100%        6
 Simulacrum               Ice/Necr       0%         N/A       100%        6
 Starburst                Conj/Fire      0%         6d3       100%        6
 Summon Cactus Giant      Summ           0%         N/A       100%        6
 Haunt                    Necr/Summ      0%         N/A       100%        7
 Borgnjor's Revivificati  Necr           0%         N/A       100%        8
 Maxwell's Capacitive Co  Air            0%         ∞         100%        8
 Death's Door             Necr           0%         N/A       100%        9


Dungeon Overview and Level Annotations

Branches:
Dungeon (15/15)            Temple (0/1) D:6            Lair (5/5) D:9
  Swamp (4/4) Lair:3        Snake (4/4) Lair:3        Slime (5/5) Lair:5
    Orc (2/2) D:11            Elf (0/3) Orc:2        Vaults (4/5) D:14
  Crypt (0/3) Vaults:3     Depths (3/4) D:15         Bailey (visited)
 WizLab (visited)         Gauntlet (visited)

Altars:
Elyvilon
Fedhas
Hepliaklqana
Kikubaaqudgha
Nemelex Xobeh
Okawaru
Trog
Vehumet
Wu Jian
Xom
Yredelemnul
The Shining One
Jiyva

Shops:
D:8 [   Orc:2 ([[(   Snake:1 :=:   Snake:3 =*(   Snake:4 ?   Vaults:1 (
Vaults:4 (*   Depths:2 ?

Portals:
Hell: Depths:1 Depths:2 Depths:3
Abyss: Snake:3 Depths:1 Depths:3
Pandemonium: Depths:1 Depths:2
Ziggurat: Depths:2
Trove: D:13 (show slimy rune of Zot)

Annotations:
D:10 3 transporters
Lair:3 exclusion: 2 oklob plants
Lair:5 1 runed translucent door, soul19's ghost, journeyman GnIE
Snake:3 2 transporters, 0gre's ghost, adept GnIE


Innate Abilities, Weirdness & Mutations

You are a lightning-filled tempest!
Your electrical attacks strike out in all directions at once.
You are incredibly evasive.
Your insubstantial body is immune to petrification, constriction, and being set on fire You are flying.
Your armour is entirely melded.
You are incapable of wielding weapons or throwing items.
You are immune to poison.
((You are very nimble when in or above water. (Stealth+, EV+, Speed+++)))
((Your lower body shifts to a powerful aquatic tail in water.))
You possess an exceptional clarity of mind.
Your body often deteriorates upon taking damage.
Your magical capacity is low. (-10% MP)
You are robust. (+10% HP)
Your spells are a little harder to cast, but a little more powerful.
((Your movements are slightly less encumbered by armour. (ER -2)))


Message History

The splash of acid hits you! You resist. The acid blob spits acid at you.
The splash of acid hits you! You resist.
There is a stone staircase leading up here.
The acid blob spits acid at you. The splash of acid hits you!! You resist.
* * * LOW HITPOINT WARNING * * *
You fly upwards.
There is a stone staircase leading down here.
You start resting.
A shining eye is nearby!
The shining eye gazes at you.
Strange energies course through your body.
You blast the shining eye!!!
Lightning courses through the shining eye!
You kill the shining eye!
An azure jelly comes into view.
The azure jelly jiggles.
An acid blob comes into view.
A slime creature comes into view.
The azure jelly misses you. You block the azure jelly's attack.
The azure jelly completely misses you. x2
You hit the azure jelly but do no damage.
Lightning courses through the azure jelly!
The azure jelly is lightly wounded.
The azure jelly hits you. The azure jelly freezes you!!
* * * LOW HITPOINT WARNING * * *
Your body deteriorates!
You feel dopey.
The azure jelly completely misses you. x3
You deal a card...
You have dealt the Cloud.
Clouds appear around you!
You deal a card...
You have dealt Velocity.
The azure jelly seems to slow down.
You deal a card...
You have dealt the Cloud.
Nothing appears to happen.
You deal a card...
You have dealt the Tomb.
Walls emerge from the floor!
You barely miss the azure jelly.
The azure jelly is lightly wounded.
The azure jelly completely misses you. The azure jelly hits you!
* * * LOW HITPOINT WARNING * * *
The azure jelly freezes you!!!
You die...
Your body glows with a rainbow of weird colours and disappears.

#...#...# #.
##..#....####.....
.#........#.#.....#
.................#
..#.#.....#.....## #
..##....#.......#.. #
##..........#.....
###.#...###§........ ##
##.......#vJ§..J..... #.##
##.......>###§.....##.
...###..............#..##
#.#.###...##....J.##...#
.....#...........## ...#
..#.#.....#........ ....#
.#.......#...............
........#.....#...........
........##.#.........


You could see an azure jelly (slow).

Vanquished Creatures
  3 juggernauts (Depths:2)
  Sojobo (Depths:1)
  3 shard shrikes (Depths:1)
  the Lernaean hydra (Swamp:4)
  Vashnia (Snake:4)
  3 golden dragons
  A walking crystal tome (Depths:2)
  3 tentacled monstrosities (Depths:2)
  A lich (Depths:1)
  Zenata (Vaults:1)
  A walking earthen tome (Depths:2)
  2 quicksilver dragons
  6 acid blobs
  6 sphinxes
  7 tengu reavers
  Roxanne (D:14)
  4 thorn hunters
  3 shadow dragons
  Kirke (Lair:3)
  5 storm dragons (Depths:2)
  4 rockslimes
  A nargun (Depths:1)
  8 fire giants
  Aizul (Snake:3)
  3 azure jellies
  A fenstrider witch (Swamp:1)
  8 frost giants
  2 nagarajas (Snake:4)
  6 vault wardens
  An iron dragon (Depths:3)
  2 orc warlords
  6 quicksilver oozes
  16 stone giants
  10 very ugly things
  20 ironbound preservers
  2 spriggan defenders (Depths:2)
  2 war gargoyles
  4 formless jellyfish
  A ghoul (Swamp:2)
  A reaper (Depths:1)
  7 ironbound thunderhulks
  A minotaur (Gauntlet)
  6 eleionomae
  7 vampire knights
  4 spark wasps
  7 bunyips
  6 dire elephants
  A blizzard demon (Depths:1)
  A crystal guardian (Vaults:4)
  2 merfolk javelineers (Depths:3)
  A deep elf death mage (Vaults:3)
  8 ettins
  A merfolk impaler (Depths:3)
  8 fire dragons
  6 yaktaur captains
  3 jiangshi (Depths:2)
  An entropy weaver (Vaults:4)
  8 great orbs of eyes
  2 vault guards (Vaults:4)
  10 ice dragons
  A shambling mangrove (Swamp:1)
  A salamander tyrant (Snake:4)
  19 hydras
  2 caustic shrike simulacra (Depths:1)
  3 rakshasas
  A spriggan zombie (Abyss:2)
  6 centaur warriors
  2 peacekeepers
  3 sphinx zombies
  7 anacondas
  4 ghost crabs
  9 ironbound frosthearts
  3 spriggan air magi (Depths:2)
  4 two-headed ogres
  9 alligators
  11 deep troll earth magi
  3 boulder beetles
  10 naga warriors
  12 naga sharpshooters
  A hell hog (Depths:1)
  A vampire mage (Depths:2)
  16 deep troll shamans
  4 spriggan berserkers
  4 tengu warriors
  5 thrashing horrors (Abyss:2)
  12 spriggans
  9 hell knights
  10 shock serpents
  9 sun demons
  A wretched star (Abyss:2)
  A fire crab (D:14)
  6 salamander mystics
  A sixfirhy (Gauntlet)
  A golden dragon zombie (D:15)
  85 deep trolls
  9 skeletal warriors
  6 goliath frogs
  8 glowing orange brains
  Lodul (D:10)
  4 skysharks
  10 iron trolls
  2 sea snakes (Snake:3)
  A spriggan druid (Swamp:2)
  2 flayed ghosts (Depths:2)
  4 wizards
  19 bog bodies
  11 swamp dragons
  2 orange crystal statues (Depths:1)
  A steelbarb worm (shapeshifter) (Depths:2)
  7 naga ritualists
  5 phantasmal warriors
  2 spriggan simulacra (Depths:1)
  6 necromancers
  16 harpies
  11 orc knights
  3 deep elf pyromancers
  7 shining eyes
  8 mana vipers
  12 ironbound convokers
  A frost giant zombie (D:15)
  6 orc sorcerers
  7 cyclopes
  6 will-o-the-wisps
  4 manticores
  37 ugly things
  37 black mambas
  A worldbinder (Abyss:2)
  15 elephants
  18 salamanders
  A fire giant skeleton (D:15)
  6 naga magi
  A smoke demon (Abyss:2)
  10 vault sentinels
  2 torpor snails
  2 guardian serpents (Snake:4)
  2 gargoyles
  A hellion (Depths:1)
  4 eyes of devastation
  7 komodo dragons
  A minotaur zombie (Gauntlet)
  An unseen horror (D:12)
  21 cane toads
  An efreet (D:13)
  4 rime drakes
  A freezing wraith (D:15)
  2 kobold demonologists
  A tengu conjurer (Depths:2)
  An ancient zyme (Abyss:2)
  23 yaktaurs
  A golden dragon simulacrum (Depths:1)
  A merfolk (shapeshifter) (D:13)
  2 hellwings
  7 polar bears
  3 meliai (D:11)
  10 trolls
  A tengu simulacrum (Depths:2)
  7 tyrant leeches
  14 hornets
  A tarantella (Vaults:4)
  15 blink frogs
  2 raiju (Abyss:2)
  A frost giant simulacrum (Depths:1)
  A dream sheep (Lair:2)
  A stone giant simulacrum (Depths:1)
  13 water elementals
  81 slime creatures
  2 centaur simulacra (Gauntlet)
  3 large abominations (Abyss:2)
  5 wyverns
  3 wraiths
  46 yaks
  A ynoxinul (Abyss:2)
  6 hogs (Lair:3)
  4 shadows
  A starcursed mass (Abyss:2)
  A vampire (D:13)
  4 golden eyes
  2 chaos spawn (Vaults:2)
  6 basilisks
  15 vampire mosquitoes
  A redback (Vaults:4)
  6 steam dragons
  13 swamp worms
  3 neqoxecs (Abyss:2)
  5 wargs
  32 nagas
  3 acid dragons
  28 water moccasins
  15 swamp drakes
  A hell hound (Lair:4)
  40 orc warriors
  4 black bears
  A naga skeleton (Abyss:2)
  An ice beast (D:6)
  An ettin simulacrum (Depths:1)
  A sky beast (Abyss:2)
  10 ogres
  9 wolves
  8 centaurs
  4 small abominations (Abyss:2)
  3 kobold brigands
  3 necrophages (Swamp:2)
  11 bullfrogs
  3 gnoll sergeants
  4 scorpions
  10 wights
  A hornet simulacrum (Gauntlet)
  12 killer bees
  4 howler monkeys
  7 electric eels
  A quasit (Abyss:2)
  3 hounds
  A jelly (Lair:5)
  22 orc priests
  A gnoll bouda (D:6)
  3 iguanas
  35 orc wizards
  A boggart simulacrum (Gauntlet)
  26 gnolls
  5 adders
  3 shadow imps
  A white imp (Abyss:2)
  2 ufetubi (D:5)
  2 worms
  3 dart slugs (D:3)
  95 orcs
  6 endoplasms
  2 giant cockroaches (D:1)
  14 goblins
  12 hobgoblins
  4 ball pythons
  4 bats
  5 frilled lizards
  17 kobolds
  4 rats
1676 creatures vanquished.

Vanquished Creatures (collateral kills)
  A juggernaut (Depths:2)
  A cacodemon (Abyss:2)
  A minotaur (Lair:1)
  An eleionoma (Swamp:2)
  2 fire dragons (Depths:2)
  A centaur warrior (D:9)
  4 death yaks (Lair:1)
  A two-headed ogre (D:9)
  A naga sharpshooter (Snake:4)
  A thrashing horror (Abyss:2)
  A spriggan berserker (Depths:2)
  A sixfirhy (Abyss:2)
  A skeletal warrior (D:11)
  A bog body (Swamp:2)
  An ugly thing (Vaults:4)
  A salamander (Snake:4)
  2 guardian serpents (Snake:4)
  An apocalypse crab (Abyss:2)
  A cane toad (Lair:1)
  An orange demon (Abyss:2)
  A komodo dragon (Lair:3)
  A kobold demonologist (Bailey)
  5 hornets
  6 spriggans
  A wyvern (Lair:3)
  A large abomination (Abyss:2)
  3 nagas (Snake:4)
  3 water moccasins
  An orc warrior (Bailey)
  A tengu (D:12)
  A bullfrog (D:8)
  A necrophage (Swamp:2)
  4 killer bees (D:8)
  3 starcursed masses (Abyss:2)
  An orc wizard (D:9)
  2 ufetubi (Gauntlet)
  An orc (D:6)
  2 hobgoblins (Bailey)
63 creatures vanquished.

Vanquished Creatures (others)
  A hydra (Swamp:4)
  A rust devil (WizLab)
  A bloated husk (Swamp:2)
  A tyrant leech (Swamp:4)
  A swamp drake (Swamp:4)
  An orc wizard (Orc:2)
  An ufetubus (D:14)
  A butterfly (Depths:1)
  16 foxfires
24 creatures vanquished.

Grand Total: 1763 creatures vanquished

Notes
Turn   | Place    | Note
-------+----------+-------------------------------------------
     0 | D:1      | adelrune the Merfolk Shapeshifter began the quest for the
                  | Orb.
     0 | D:1      | Reached XP level 1. HP: 15/15 MP: 1/1
   280 | D:1      | Reached XP level 2. HP: 21/21 MP: 2/2
   725 | D:2      | Reached XP level 3. HP: 16/27 MP: 3/3
   802 | D:2      | Identified the +4 sling of Putrescence {speed, rPois Str+3
                  | Dex+3}
  1820 | D:3      | Reached XP level 4. HP: 33/33 MP: 4/4
  1870 | D:3      | Found a sparkling altar of Nemelex Xobeh.
  1898 | D:3      | Became a worshipper of Nemelex Xobeh the Trickster
  2228 | D:4      | Reached * piety under Nemelex Xobeh
  2429 | D:4      | Reached XP level 5. HP: 21/39 MP: 5/5
  2757 | D:4      | Received a gift from Nemelex Xobeh
  3006 | D:5      | Entered Level 5 of the Dungeon
  3036 | D:5      | Noticed a water moccasin
  3043 | D:5      | Killed a water moccasin
  3044 | D:5      | Reached skill level 5 in Unarmed Combat
  3044 | D:5      | Reached skill level 5 in Shapeshifting
  3044 | D:5      | Reached XP level 6. HP: 46/46 MP: 6/6
  3438 | D:5      | Received a gift from Nemelex Xobeh
  3450 | D:5      | Reached ** piety under Nemelex Xobeh
  3857 | D:6      | Found an iron altar of Okawaru.
  3862 | D:6      | Received a gift from Nemelex Xobeh
  3873 | D:6      | Noticed a water moccasin
  3879 | D:6      | Killed a water moccasin
  3880 | D:6      | Reached XP level 7. HP: 32/52 MP: 7/7
  3909 | D:6      | Reached skill level 5 in Dodging
  4081 | D:6      | Found an ornate altar of the Wu Jian Council.
  4081 | D:6      | Found a hazy altar of Hepliaklqana.
  4082 | D:6      | Found a shimmering altar of Xom.
  4135 | D:6      | Found a staircase to the Ecumenical Temple.
  4516 | D:7      | Reached skill level 6 in Shapeshifting
  4833 | D:6      | Reached XP level 8. HP: 51/60 MP: 8/8
  4987 | D:7      | Found a flagged portal.
  5005 | Bailey   | Entered a bailey
  5398 | Bailey   | Acquired a manual of Unarmed Combat
  5493 | Bailey   | Reached skill level 5 in Fighting
  5555 | Bailey   | Noticed a kobold demonologist
  5576 | Bailey   | Reached skill level 7 in Shapeshifting
  5640 | Bailey   | Reached XP level 9. HP: 68/68 MP: 9/9
  5652 | Bailey   | Noticed an orc knight
  5697 | Bailey   | Killed an orc knight
  5698 | Bailey   | Reached skill level 10 in Unarmed Combat
  5936 | Bailey   | Found an iron altar of Okawaru.
  5938 | Bailey   | Noticed a kobold demonologist
  5941 | Bailey   | Killed a kobold demonologist
  5945 | Bailey   | Reached skill level 8 in Shapeshifting
  5953 | Bailey   | Killed a kobold demonologist
  5974 | Bailey   | Reached skill level 13 in Shapeshifting
  5974 | Bailey   | Reached XP level 10. HP: 83/83 MP: 10/10
  5975 | Bailey   | Reached XP level 11. HP: 89/89 MP: 10/17
  6947 | D:8      | Found Loejises's Antique Armour Emporium.
  7034 | D:8      | Received a gift from Nemelex Xobeh
  7038 | D:8      | Reached *** piety under Nemelex Xobeh
  7722 | D:8      | Reached XP level 12. HP: 93/97 MP: 18/18
  7853 | D:9      | Noticed a two-headed ogre
  7859 | D:9      | Killed a two-headed ogre
  8171 | D:9      | Found a staircase to the Lair.
  8182 | D:9      | Found a radiant altar of Vehumet.
  8185 | D:9      | Found a bloodstained altar of Trog.
  8271 | D:9      | Received a gift from Nemelex Xobeh
  8365 | D:9      | Noticed a centaur warrior
  8366 | D:9      | Noticed a four-headed hydra
  8496 | D:9      | Reached skill level 10 in Fighting
  8530 | D:9      | Identified the +4 falchion of Xom {freeze, rPois rF+ Int+3
                  | Stlth-}
  8530 | D:9      | Identified the ring of Wisdom {rCorr Str+6}
  8531 | D:9      | Noticed a two-headed ogre
  8533 | D:9      | Noticed a two-headed ogre
  8560 | D:9      | Killed a two-headed ogre
  8563 | D:9      | Killed a two-headed ogre
  8601 | D:9      | Noticed a centaur warrior
  8607 | D:9      | Killed a centaur warrior
  8807 | D:9      | Killed a centaur warrior
  9073 | D:9      | Noticed a centaur warrior
  9082 | D:9      | Killed a centaur warrior
  9281 | D:9      | Killed a four-headed hydra
  9282 | D:9      | Reached skill level 14 in Shapeshifting
  9642 | D:9      | Reached skill level 10 in Dodging
  9673 | D:9      | Got an engraved book
 10111 | Lair:1   | Entered Level 1 of the Lair of Beasts
 10126 | Lair:1   | Noticed a death yak
 10126 | Lair:1   | Noticed a death yak
 10126 | Lair:1   | Noticed a death yak
 10126 | Lair:1   | Noticed a death yak
 10128 | Lair:1   | Noticed a death yak
 10132 | Lair:1   | Reached skill level 15 in Unarmed Combat
 10134 | Lair:1   | a death yak changed into a minotaur
 10134 | Lair:1   | Noticed a minotaur
 10137 | Lair:1   | Killed a death yak
 10137 | Lair:1   | Killed a minotaur
 10143 | Lair:1   | Killed a death yak
 10144 | Lair:1   | Reached XP level 13. HP: 87/105 MP: 19/19
 10689 | Lair:1   | Received a gift from Nemelex Xobeh
 11195 | Lair:1   | Reached **** piety under Nemelex Xobeh
 11282 | Lair:1   | Received a gift from Nemelex Xobeh
 11810 | Lair:2   | Received a gift from Nemelex Xobeh
 11829 | Lair:2   | Identified the +7 chain mail "Oboet" {rC+ MP-9 Int+4}
 12472 | Lair:2   | Noticed Fannar
 12474 | Lair:2   | Fannar changed into Fannar the guardian serpent
 12474 | Lair:2   | Noticed Fannar
 12475 | Lair:2   | Fannar the guardian serpent changed into Fannar the black
                  | bear
 12475 | Lair:2   | Noticed Fannar
 12488 | Lair:2   | Killed Fannar the black bear
 12918 | Lair:2   | Reached skill level 15 in Shapeshifting
 13706 | Lair:3   | Reached XP level 14. HP: 114/114 MP: 11/20
 13762 | Lair:3   | Found a staircase to the Swamp.
 13763 | Lair:3   | Noticed Kirke
 13893 | Lair:3   | Received a gift from Nemelex Xobeh
 13901 | Lair:3   | Found a staircase to the Snake Pit.
 14335 | Lair:3   | Killed Kirke
 15081 | Lair:4   | Reached ***** piety under Nemelex Xobeh
 15115 | Lair:4   | Noticed a dire elephant
 15120 | Lair:4   | Killed a dire elephant
 15153 | Lair:4   | Upgraded the game from 0.31-a0-810-ga77100ea1a to
                  | 0.31-a0-818-ge7c7cf74f0
 15234 | Lair:4   | Noticed a dire elephant
 15234 | Lair:4   | Noticed a dire elephant
 15384 | Lair:4   | Found a gate leading to a gauntlet.
 15393 | Gauntlet | Entered a Gauntlet
 15393 | Gauntlet | Found a transporter.
 15393 | Gauntlet | Found a transporter.
 15394 | Gauntlet | Found a transporter.
 15396 | Gauntlet | Found a transporter.
 15405 | Gauntlet | Received a gift from Nemelex Xobeh
 15410 | Gauntlet | Found a transporter.
 15416 | Gauntlet | Found a transporter.
 15425 | Gauntlet | Found a transporter.
 15426 | Gauntlet | Found a transporter.
 15447 | Gauntlet | Found a transporter.
 15487 | Gauntlet | Identified the ring of Focrafejy {Wiz rPois rF+ Int+2}
 15551 | Gauntlet | Found a transporter.
 15585 | Gauntlet | Found a transporter.
 15608 | Gauntlet | Identified the +5 hat of Hubris {Contam rN+ Str-5 Dex+8}
 16137 | Lair:4   | Received a gift from Nemelex Xobeh
 16318 | Lair:4   | Reached skill level 10 in Invocations
 16379 | Lair:4   | Reached skill level 16 in Shapeshifting
 16518 | Lair:4   | Killed a dire elephant
 16597 | Lair:4   | Killed a dire elephant
 16785 | Lair:5   | Entered Level 5 of the Lair of Beasts
 17162 | Lair:5   | Found a staircase to the Slime Pits.
 17162 | Lair:5   | Found a viscous altar of Jiyva.
 17350 | Lair:5   | Reached XP level 15. HP: 101/123 MP: 13/22
 17653 | Lair:5   | Found a runed translucent door.
 17655 | Lair:5   | Noticed soul19's ghost (journeyman GnIE)
 17746 | Lair:5   | Received a gift from Nemelex Xobeh
 18404 | D:10     | Entered Level 10 of the Dungeon
 18404 | D:10     | Received a gift from Nemelex Xobeh
 18515 | D:10     | Noticed Lodul
 18594 | D:10     | Killed Lodul
 18606 | D:10     | Found a transporter.
 18615 | D:10     | Found a transporter.
 18624 | D:10     | Received a gift from Nemelex Xobeh
 18664 | D:10     | Found a transporter.
 19042 | D:10     | Found a transporter.
 19171 | D:10     | Received a gift from Nemelex Xobeh
 19765 | D:11     | Identified the +0 leather armour "Jupac Lujint" {+Blink
                  | +Inv Str-5 Int+4}
 19836 | D:11     | Received a gift from Nemelex Xobeh
 19840 | D:11     | Found a staircase to the Orcish Mines.
 20051 | Orc:1    | Entered Level 1 of the Orcish Mines
 20348 | Orc:2    | Entered Level 2 of the Orcish Mines
 20348 | Orc:2    | Found a staircase to the Elven Halls.
 20573 | Orc:2    | Reached skill level 17 in Shapeshifting
 20891 | Orc:2    | Noticed an orc warlord
 20990 | Orc:2    | Killed an orc warlord
 20993 | Orc:2    | Found Fecyw's Antique Armour Shop.
 20997 | Orc:2    | Found Zoxt's Antique Weapon Boutique.
 21005 | Orc:2    | Bought a pitted leather armour for 140 gold pieces
 21005 | Orc:2    | Identified the +1 leather armour "Foom" {+Blink rN+} (You
                  | bought it in a shop on level 2 of the Orcish Mines)
 21005 | Orc:2    | Bought a pair of polished boots for 190 gold pieces
 21005 | Orc:2    | Identified the +2 pair of boots of Ywujeof {-Cast +Blink
                  | Dex+6 Slay-6} (You bought it in a shop on level 2 of the
                  | Orcish Mines)
 21005 | Orc:2    | Bought a brightly glowing leather armour for 140 gold
                  | pieces
 21005 | Orc:2    | Identified the +2 leather armour "Anesh" {+Inv} (You bought
                  | it in a shop on level 2 of the Orcish Mines)
 21017 | Orc:2    | Bought a runed plate armour for 520 gold pieces
 21368 | Orc:2    | Found Nubbetok's Antique Armour Shoppe.
 21383 | Orc:2    | Bought a glowing helmet for 217 gold pieces
 21383 | Orc:2    | Bought an embroidered cloak for 217 gold pieces
 21779 | Orc:2    | Found Cerrogg's Antique Weapon Shop.
 21925 | Orc:1    | Received a gift from Nemelex Xobeh
 21979 | Orc:1    | Reached ****** piety under Nemelex Xobeh
 22736 | D:12     | Noticed Sonja
 22744 | D:12     | Sonja changed into Sonja the tengu
 22744 | D:12     | Noticed Sonja
 22747 | D:12     | Reached skill level 1 in Armour
 22751 | D:12     | Killed Sonja the tengu
 23103 | D:12     | Reached skill level 15 in Dodging
 23110 | D:12     | Identified the +3 chain mail "Nidazuuf" {rN+ Regen+ MP+9
                  | Dex+3}
 23191 | D:12     | Received a gift from Nemelex Xobeh
 23624 | D:13     | Got a droning book
 23902 | D:13     | Found a portal to a secret trove of treasure.
 23943 | D:13     | Reached XP level 16. HP: 133/133 MP: 15/24
 24255 | D:14     | Found a sparkling altar of Nemelex Xobeh.
 24644 | D:14     | Received a gift from Nemelex Xobeh
 24769 | D:14     | Noticed Roxanne
 24842 | D:14     | Found a gate to the Vaults.
 24860 | Abyss:2  | Cast into level 2 of the Abyss (a wizard)
 24983 | Abyss:2  | Gained mutation: Your body sometimes deteriorates upon
                  | taking damage. [a neqoxec]
 25001 | Abyss:2  | Gained mutation: You are resistant to electric shocks.
                  | (rElec) [a cacodemon]
 25076 | Abyss:2  | Gained mutation: You occasionally shout uncontrollably at
                  | your foes. [a neqoxec]
 25150 | Abyss:2  | Found a corrupted altar of Lugonu.
 25292 | Abyss:2  | Found a corrupted altar of Lugonu.
 25378 | Abyss:2  | Found a corrupted altar of Lugonu.
 25385 | Abyss:2  | Found a corrupted altar of Lugonu.
 25389 | Abyss:2  | Found a corrupted altar of Lugonu.
 25389 | Abyss:2  | Found a corrupted altar of Lugonu.
 25389 | Abyss:2  | Found a corrupted altar of Lugonu.
 25389 | Abyss:2  | Found a corrupted altar of Lugonu.
 25395 | Abyss:2  | Received a gift from Nemelex Xobeh
 25408 | Abyss:2  | Lost mutation: You occasionally shout uncontrollably at
                  | your foes. [a neqoxec]
 25421 | D:14     | Escaped the Abyss
 25727 | D:15     | Entered Level 15 of the Dungeon
 25821 | D:14     | Killed Roxanne
 25942 | D:14     | Identified the +7 whip of Rotation {flame, rPois}
 25993 | D:15     | Reached skill level 18 in Shapeshifting
 26063 | D:15     | Found a staircase to the Depths.
 26066 | D:15     | Reached skill level 15 in Fighting
 26258 | D:15     | Received a gift from Nemelex Xobeh
 26400 | D:15     | Reached XP level 17. HP: 142/142 MP: 26/26
 26966 | Snake:1  | Entered Level 1 of the Snake Pit
 27209 | Snake:1  | Found a flickering gateway to a bazaar.
 27219 | Bazaar   | Entered a bazaar
 27246 | Bazaar   | Found Tyegen's Magic Scroll Shoppe.
 27313 | Bazaar   | Found Keraoru's Magic Scroll Emporium.
 27313 | Bazaar   | Found Jaotud's General Store.
 27319 | Bazaar   | Bought a scroll of teleportation for 33 gold pieces
 27319 | Bazaar   | Bought a scroll of blinking for 82 gold pieces
 27319 | Bazaar   | Bought a scroll of blinking for 82 gold pieces
 27340 | Bazaar   | Found Jicooge's Weapon Emporium.
 27417 | Bazaar   | Bought a scroll of revelation for 67 gold pieces
 27417 | Bazaar   | Bought a scroll of silence for 85 gold pieces
 27417 | Bazaar   | Bought a scroll of revelation for 67 gold pieces
 27417 | Bazaar   | Bought a scroll of enchant weapon for 67 gold pieces
 27525 | Snake:1  | Received a gift from Nemelex Xobeh
 27860 | Snake:1  | Received a gift from Nemelex Xobeh
 28200 | Snake:1  | Found Pugra's Book Emporium.
 28201 | Snake:1  | Found Catenuw's Jewellery Shop.
 28203 | Snake:1  | Found Xuarely's Book Emporium.
 28706 | Orc:2    | Bought a distressingly furry kite shield for 275 gold
                  | pieces
 28706 | Orc:2    | Identified the +5 kite shield of the Storm King {rN+} (You
                  | bought it in a shop on level 2 of the Orcish Mines)
 29221 | Snake:2  | Reached skill level 1 in Shields
 29594 | Snake:2  | Received a gift from Nemelex Xobeh
 29899 | Snake:3  | Noticed 0gre's ghost (adept GnIE)
 29905 | Snake:3  | Noticed an Executioner
 29992 | Snake:3  | Received a gift from Nemelex Xobeh
 30043 | Snake:3  | Found a transporter.
 30054 | Snake:3  | Found a transporter.
 30104 | Snake:3  | Noticed a tentacled starspawn
 30200 | Snake:3  | Found Rokhle's Antique Weapon Emporium.
 30204 | Snake:3  | Found Foch's General Store.
 30205 | Snake:3  | Found Muzav's Jewellery Emporium.
 30215 | Snake:3  | Bought an amulet of reflection for 450 gold pieces
 30287 | Snake:3  | Noticed Aizul
 30309 | Snake:3  | Killed Aizul
 30357 | Snake:3  | Received a gift from Nemelex Xobeh
 30424 | Snake:3  | Found a one-way gate to the infinite horrors of the Abyss.
 30811 | Snake:4  | Entered Level 4 of the Snake Pit
 30811 | Snake:4  | Found a blossoming altar of Fedhas.
 30976 | Snake:4  | Reached XP level 18. HP: 151/151 MP: 28/28
 30980 | Snake:4  | Received a gift from Nemelex Xobeh
 31134 | Snake:4  | Noticed Vashnia
 31148 | Snake:4  | Killed Vashnia
 31149 | Snake:4  | Reached skill level 5 in Shields
 31177 | Snake:4  | Reached skill level 19 in Shapeshifting
 31491 | Snake:4  | Got a serpentine rune of Zot
 31592 | Snake:4  | Found Diterym's Magic Scroll Shoppe.
 31606 | Snake:4  | Bought a scroll of teleportation for 63 gold pieces
 31606 | Snake:4  | Bought a scroll of teleportation for 63 gold pieces
 31744 | Snake:4  | Received a gift from Nemelex Xobeh
 31958 | Swamp:1  | Entered Level 1 of the Swamp
 32111 | Swamp:1  | Noticed Nikola
 32113 | Swamp:1  | Nikola changed into Nikola the golden dragon
 32113 | Swamp:1  | Noticed Nikola
 32124 | Swamp:1  | Killed Nikola the golden dragon
 32906 | Swamp:2  | Received a gift from Nemelex Xobeh
 33966 | Swamp:3  | Received a gift from Nemelex Xobeh
 34007 | Swamp:3  | Reached XP level 19. HP: 159/159 MP: 29/29
 34050 | Swamp:3  | Reached skill level 20 in Shapeshifting
 34220 | Swamp:3  | Received a gift from Nemelex Xobeh
 34489 | Swamp:4  | Entered Level 4 of the Swamp
 34564 | Swamp:4  | Received a gift from Nemelex Xobeh
 35079 | Swamp:4  | Noticed the 27-headed Lernaean hydra
 35093 | Swamp:4  | Killed the 27-headed Lernaean hydra
 35209 | Swamp:4  | Got a decaying rune of Zot
 35225 | Swamp:4  | Found the +8 storm bow {elec, penet}
 35863 | Vaults:1 | Entered Level 1 of the Vaults
 36240 | Vaults:1 | Reached skill level 10 in Shields
 36249 | Vaults:1 | Reached skill level 21 in Shapeshifting
 36288 | Vaults:1 | Received a gift from Nemelex Xobeh
 36742 | Vaults:1 | Received a gift from Nemelex Xobeh
 36750 | Vaults:1 | Noticed Zenata
 36760 | Vaults:1 | Killed Zenata
 36761 | Vaults:1 | Reached XP level 20. HP: 118/168 MP: 30/30
 37098 | Vaults:1 | Found Jioriull's Weapon Boutique.
 37437 | Vaults:2 | Identified the +6 scale mail of Idghaim {rPois rC- Int+2}
 37571 | Vaults:2 | Found a magical portal.
 37583 | WizLab   | Entered The Hall of the Hellbinder
 37752 | Vaults:2 | Received a gift from Nemelex Xobeh
 38317 | Vaults:2 | Received a gift from Nemelex Xobeh
 38550 | Vaults:2 | Received a gift from Nemelex Xobeh
 39873 | Vaults:3 | Received a gift from Nemelex Xobeh
 40138 | Vaults:3 | Found a staircase to the Crypt.
 40138 | Vaults:3 | Found a basalt altar of Yredelemnul.
 40139 | Vaults:3 | Found an ancient bone altar of Kikubaaqudgha.
 40183 | Vaults:3 | Received a gift from Nemelex Xobeh
 40258 | Vaults:3 | Found the +18 shield of the Gong {Loud rN+ Will+ rCorr
                  | EV-5}
 40575 | Vaults:4 | Reached skill level 22 in Shapeshifting
 40779 | Vaults:4 | Found Ysaesk's General Store.
 40862 | Vaults:4 | Reached XP level 21. HP: 177/177 MP: 31/31
 40918 | Vaults:4 | Received a gift from Nemelex Xobeh
 41359 | Vaults:4 | Received a gift from Nemelex Xobeh
 41715 | Vaults:4 | Found Omah's Weapon Emporium.
 42600 | Snake:1  | Bought a ring of protection from fire for 375 gold pieces
 42838 | Depths:1 | Entered Level 1 of the Depths
 42892 | Depths:1 | Found a glowing golden altar of the Shining One.
 43180 | Depths:1 | Found a gateway to Hell.
 43181 | Depths:1 | Gained mutation: You are dopey. (Int -2) [a shining eye]
 43310 | Depths:1 | Received a gift from Nemelex Xobeh
 43358 | Depths:1 | Reached skill level 23 in Shapeshifting
 43647 | Depths:1 | Noticed a shard shrike
 43653 | Depths:1 | Noticed a shard shrike
 43666 | Depths:1 | Killed a shard shrike
 43839 | Depths:1 | Found a white marble altar of Elyvilon.
 43905 | Depths:1 | Found a one-way gate leading to the halls of Pandemonium.
 44153 | Depths:1 | Noticed Sojobo
 44181 | Depths:1 | Killed Sojobo
 44184 | Depths:1 | Reached XP level 22. HP: 140/186 MP: 32/32
 44848 | Depths:1 | Noticed a shard shrike
 44864 | Depths:1 | Killed a shard shrike
 45108 | Depths:1 | Received a gift from Nemelex Xobeh
 45230 | Depths:1 | Killed a shard shrike
 45982 | Depths:2 | Noticed a juggernaut
 45991 | Depths:2 | Killed a juggernaut
 46173 | Depths:2 | Noticed a juggernaut
 46181 | Depths:2 | Noticed a juggernaut
 46183 | Depths:2 | Killed a juggernaut
 46190 | Depths:2 | Killed a juggernaut
 46288 | Depths:2 | Reached skill level 24 in Shapeshifting
 46829 | Depths:2 | Found a one-way gateway to a ziggurat.
 47014 | Depths:2 | Reached skill level 15 in Shields
 47017 | Depths:2 | Reached XP level 23. HP: 194/194 MP: 33/33
 47036 | Depths:2 | Found Penefues's Magic Scroll Boutique.
 47052 | Depths:2 | Bought a scroll of teleportation for 63 gold pieces
 47052 | Depths:2 | Bought a scroll of teleportation for 63 gold pieces
 47079 | Depths:2 | Received a gift from Nemelex Xobeh
 47308 | Depths:2 | Noticed a golden dragon
 47316 | Depths:2 | Killed a golden dragon
 47486 | Depths:2 | Paralysed by something for 4 turns
 47617 | Depths:2 | Noticed a juggernaut
 47635 | Depths:2 | Killed a juggernaut
 48555 | Depths:2 | Noticed a golden dragon
 48563 | Depths:2 | Killed a golden dragon
 48831 | Depths:3 | Received a gift from Nemelex Xobeh
 49534 | Depths:3 | Paralysed by something for 2 turns
 50067 | Depths:2 | Reached skill level 25 in Shapeshifting
 50237 | Depths:3 | Received a gift from Nemelex Xobeh
 50800 | Snake:1  | Bought a dragon-blood talisman for 1200 gold pieces
 51044 | Slime:1  | Entered Level 1 of the Pits of Slime
 51047 | Slime:1  | Gained mutation: You sometimes lose your temper in combat.
                  | [a shining eye]
 51055 | Slime:1  | Gained mutation: Your body often deteriorates upon taking
                  | damage. [a shining eye]
 51146 | Slime:1  | Lost mutation: You are dopey. (Int -2) [potion of mutation]
 51146 | Slime:1  | Lost mutation: You are resistant to electric shocks.
                  | (rElec) [potion of mutation]
 51146 | Slime:1  | Lost mutation: You sometimes lose your temper in combat.
                  | [potion of mutation]
 51146 | Slime:1  | Gained mutation: You possess an exceptional clarity of
                  | mind. [potion of mutation]
 51146 | Slime:1  | Gained mutation: Your movements are slightly less
                  | encumbered by armour. (ER -2) [potion of mutation]
 51146 | Slime:1  | Gained mutation: You are robust. (+10% HP) [potion of
                  | mutation]
 51146 | Slime:1  | Gained mutation: Your spells are a little harder to cast,
                  | but a little more powerful. [potion of mutation]
 51221 | Slime:1  | Received a gift from Nemelex Xobeh
 51642 | Slime:2  | Reached XP level 24. HP: 223/223 MP: 34/34
 51646 | Slime:2  | Gained mutation: Your magical capacity is low. (-10% MP) [a
                  | shining eye]
 52549 | Slime:5  | Entered Level 5 of the Pits of Slime
 52654 | Slime:4  | Slain by an azure jelly

Illustrated notes

Levels and vault maps discovered:
D:1:      sevenhm_arrival_forest_fort_large_2, layout_rooms
D:2:      layout_loops_ring
D:3:      layout_basic, amcnicky_altar_gilded, minmay_misc_feat_enclosed,
          grunt_decor_arrowhead
D:4:      layout_basic
D:5:      layout_gridville, roderic_serpentine_path
D:6:      layout_gridville, okawaru_metal_pillars_1_2,
          gammafunk_temple_overflow_claw, minmay_temple_entry_hall
D:7:      layout_loops_ring, lightli_bailey_entry_fortress, nrook_campfire
D:8:      layout_basic, serial_shops, shop
D:9:      minmay_the_grid_octo_tiled_squarecenter [minmay_the_grid_octo_focus,
          minmay_the_grid_octo_concentric, minmay_the_grid_octo_clover,
          minmay_the_grid_octo_fan_narrow,
          minmay_the_grid_square_5x5_megaprize_checkered,
          minmay_the_grid_square_5x5_percent, minmay_the_grid_square_5x5_comb,
          minmay_the_grid_square_5x5_doubleslash,
          minmay_the_grid_square_5x5_inverted_slash], layout_loops_ring,
          mainiacjoe_overflow_catwalk_spiral, lair_entry_dummy,
          chequers_serial_rivers_room_b
D:10:     layout_loops_ring, chequers_arboretum, dreamdust_princess_corridor,
          nicolae_transporter_intersection, uniq_lodul
D:11:     layout_basic, david_orc_3
D:12:     layout_cave_pods, uniq_sonja
D:13:     layout_rooms, nicolae_trove_entry_columns
D:14:     layout_layer_cave, skrybe_vaults_entry_preservation,
          nemelex_lonely_heart_becter, kennysheep_generic_room_3, uniq_roxanne
D:15:     gammafunk_depths_entry_grave, layout_loops_ring,
          minmay_misc_feat_secret_circle
Lair:1:   layout_regular_city, lemuel_fruit_tree
Lair:2:   nzn_winding_woodlands_stair_cross
          [nzn_winding_woodlands_5x15_sidewinder,
          nzn_winding_woodlands_center_diamonds,
          nzn_winding_woodlands_5x15_zeroes, nzn_winding_woodlands_5x5_cross,
          nzn_winding_woodlands_5x5_open_star,
          nzn_winding_woodlands_5x15_concentric,
          nzn_winding_woodlands_center_lodge,
          nzn_winding_woodlands_5x15_river_crossing], layout_regular_city,
          uniq_fannar
Lair:3:   minmay_lair_oklob_chamber, layout_cave_pods, minmay_swamp_entry_swarm,
          dummy_snake_entry, chequers_serial_rivers_small_a,
          eino_small_chamber_without_monster, infiniplex_staircase_pool_2,
          uniq_kirke
Lair:4:   layout_small_grid, gauntlet_entry_generic, nicolae_lair_lakeside_cave
Lair:5:   cheibrodos_lair_end_hotspot, layout_cave_pods,
          minmay_slime_entry_pillars, ebering_ghost_inner_flame
Swamp:1:  nicolae_swamp_ascending_descending_big, layout_basic_swamp,
          evilmike_swamp_ruin_house_3, swamp_pool2, nicolae_swamp_spooky_pond,
          infiniplex_staircase_pool, uniq_nikola
Swamp:2:  cheibrodos_swamp_tower_of_moss, layout_falls_marsh,
          hangedman_swamp_blocks, swamp_pool5, nicolae_swamp_trees_clearing,
          hangedman_swamp_pad, hangedman_swamp_ravenous
Swamp:3:  layout_basic_swamp, evilmike_swamp_ruin_house_5
Swamp:4:  grunt_swamp_rune_castle, layout_basic_swamp, swamp_pool5
Snake:1:  layout_layer_cave, serial_shops, bzr_entry_water, st_stairs_9,
          minmay_shop_grove
Snake:2:  layout_layer_cave, special_room
Snake:3:  layout_cave_town, gammafunk_ghost_abyssal_escape, eino_curves_01,
          minmay_shop_star, serial_bayou_shore_a, uniq_aizul
Snake:4:  johnstein_snake_rune_scales, layout_rooms, serial_shops, shop,
          basic_altar
Slime:1:  layout_caves
Slime:2:  layout_caves, cheibrodos_slime_lost_civilization_4
Slime:3:  layout_caves
Slime:4:  layout_caves
Slime:5:  slime_pit_nicolae_royal_road_to_ruin
Orc:1:    layout_caves
Orc:2:    grunt_orc_community_town_hall, layout_diamond_mine,
          grunt_orc_community_big_house_1, grunt_orc_community_big_house_2,
          grunt_orc_community_house_1, grunt_orc_community_house_1,
          grunt_orc_community_house_1, grunt_orc_community_house_1,
          grunt_orc_community_house_3
Vaults:1: nicolae_vaults_storage_room_doors, nicolae_vaults_little_squares_6,
          hangedman_vaults_stagger, v_misc_33, ontoclasm_vaults_idyll,
          vaults_room_grid, nicolae_vaults_two_Ls, v_pattern_1,
          nicolae_vaults_trapezoid_lopsided_3, hangedman_vaults_hat,
          nicolae_vaults_diagonal_hallway_6, nicolae_vaults_network_quinsquares
          [nicolae_vaults_network_quincunx_subvault,
          nicolae_vaults_network_quincunx_subvault,
          nicolae_vaults_network_quincunx_subvault,
          nicolae_vaults_network_quincunx_subvault], layout_vaults_maze_bifur,
          serial_shops, nicolae_shop_real_fake_doors, uniq_zenata
Vaults:2: infiniplex_enter_wizlab_glasses, v_misc_2, vaults_dpeg_doors,
          hangedman_vaults_capsules, v_alt_pattern_4,
          nicolae_vaults_trapezoid_lopsided_1, hangedman_vaults_nodes,
          nicolae_vaults_trapezoid_1, nicolae_vaults_border_crossing,
          nicolae_vaults_double_plus_1, nicolae_vaults_storage_room_glass,
          nicolae_vaults_house_1, layout_vaults_chaotic_city
Vaults:3: nicolae_vaults_diagonal_hallway_8, hellmonk_guarded_unrand_gong,
          minmay_crypt_entry_necro_gods, nicolae_vaults_theta,
          vaults_mumra_chevron_long, nicolae_vaults_cochlea,
          nicolae_vaults_network_periphery, nicolae_vaults_stepped_doors,
          nicolae_vaults_trapezoid_3, nicolae_vaults_apartment_1,
          layout_vaults_omnicross
Vaults:4: v_pattern_2, vaults_mumra_hex, nicolae_vaults_mitosis,
          nicolae_vaults_taking_the_gang_shopping, nicolae_vaults_tetromino_Z_2,
          nicolae_vaults_diamond_1, layout_vaults_omnigrid, serial_shops,
          nicolae_shop_statue_plus
Depths:1: dreamdust_isle_of_ice, layout_gridlike, abyss_entry_small_statue_room,
          grunt_pan_entry_sceptre, nicolae_elyvilon_peaceful_grove,
          nicolae_hell_entry_hellmouth_sunbeams, kennysheep_donut, st_stairs_10,
          tso_metal_star, uniq_sojobo
Depths:2: minmay_octagon_city, layout_gridlike, enter_ziggurat_f, serial_shops,
          shop, nicolae_figureground_sparkle, pf_hell_entry_great_geh, pan_entry
Depths:3: nooodl_glass_maze, layout_basic, grunt_decor_mini_mirrors,
          abyss_entry, hell_entry

Skill      XL: |  1  2  3  4  5  6  7  8  9 10 11 12 13 14 15 16 17 18 19 20 21 22 23 24 |
---------------+-------------------------------------------------------------------------+-----
Dodging        | 3 4 5 7 8 10 11 13 15 16 18 19 20 21 22 23 | 23.1
Unarmed Combat | 4 5 6 9 11 12 15 17 18 19 20 21 | 21.2
Fighting       | 2 3 4 5 9 10 11 13 14 15 16 17 18 19 20 | 20.0
Shapeshifting  | 5 6 7 13 14 15 16 17 18 19 21 22 23 24 25 | 25.0
Invocations    | 9 10 11 13 14 | 14.9
Armour         | 2 4 |  4.7
Shields        | 4 7 10 12 13 15 16 | 16.6

Action                     |  1- 3 |  4- 6 |  7- 9 | 10-12 | 13-15 | 16-18 | 19-21 | 22-24 || total
---------------------------+-------+-------+-------+-------+-------+-------+-------+-------++-------
  Melee: Unarmed           |    36 |     7 |    36 |   228 |  1230 |   990 |  1181 |   907 ||  4615
         Punch             |     1 |       |     1 |    13 |    39 |    63 |       |    20 ||   137
         Tailslap          |       |       |       |     2 |    12 |    14 |    23 |     3 ||    54
   Fire: Sling             |    26 |    84 |   219 |       |       |       |     4 |       ||   333
 Invoke: Draw Summoning    |       |     1 |     2 |     4 |     5 |     4 |     3 |     2 ||    21
         Draw Escape       |       |       |     1 |       |     7 |     4 |     2 |     3 ||    17
         Draw Destruction  |       |       |     4 |     5 |    12 |     6 |     3 |     2 ||    32
         Triple Draw       |       |       |       |     1 |     1 |       |       |       ||     2
         Deal Four         |       |       |       |       |     1 |     2 |     1 |     2 ||     6
    Use: Scroll            |       |       |     7 |     7 |    14 |     6 |     1 |     5 ||    40
         Potion            |       |       |     1 |     2 |     1 |     2 |     2 |     1 ||     9
   Stab: Sleeping          |     1 |       |       |       |       |     1 |       |     1 ||     3
         Distracted        |       |       |       |       |       |     2 |     1 |       ||     3
 Armour: Animal skin       |    10 |       |       |       |       |       |       |       ||    10
         Leather armour    |     8 |    16 |    39 |       |       |       |       |       ||    63
         Scale mail        |       |       |       |   119 |    84 |       |       |       ||   203
         Robe              |       |       |       |    11 |       |       |       |       ||    11
         Skin              |       |       |       |     2 |       |   558 |   926 |   577 ||  2063
         Chain mail        |       |       |       |       |   635 |   231 |       |       ||   866
  Dodge: Dodged            |     7 |    16 |    34 |   126 |   622 |   979 |  1315 |   793 ||  3892
  Block: Kite shield       |       |       |       |       |       |   724 |  1890 |  1090 ||  3704
         Reflection        |       |       |       |       |       |    67 |    54 |    15 ||   136
         Other             |       |       |       |       |       |       |       |    13 ||    13
   Form: Blade             |       |       |       |     2 |     1 |     1 |       |       ||     4
         Flux              |       |       |       |     2 |       |     1 |       |       ||     3
         Statue            |       |       |       |       |       |     1 |       |     1 ||     2
         Storm             |       |       |       |       |       |       |       |     2 ||     2
         Dragon            |       |       |       |       |       |       |       |     1 ||     1

Table legend: (Time is in decaauts)
 A = Elapsed time spent in this place.
 B = Non-inter-level travel time spent in this place.
 C = Inter-level travel time spent in this place.
 D = Time resting spent in this place.
 E = Time spent auto-exploring this place.
 F = Levels seen in this place.
 G = Mean time per level.
                   A        B        C        D        E       F      G
               +--------+--------+--------+--------+--------+-----+--------+
         Total |  62563 |  57039 |   5524 |  12072 |  29726 |  47 | 1331.1 |
       Dungeon |  16628 |  14045 |   2583 |   2305 |   8843 |  15 | 1108.5 |
          Lair |   8335 |   7400 |    935 |   1433 |   3507 |   5 | 1667.0 |
         Swamp |   5101 |   4838 |    263 |   1147 |   2385 |   4 | 1275.2 |
     Snake Pit |   6753 |   6023 |    730 |    624 |   3915 |   4 | 1688.2 |
    Slime Pits |   1562 |   1537 |     25 |    160 |   1056 |   5 |  312.4 |
  Orcish Mines |   2062 |   1780 |    282 |     56 |   1047 |   2 | 1031.0 |
        Vaults |   9174 |   8735 |    439 |   2125 |   5112 |   4 | 2293.5 |
        Depths |  10615 |  10352 |    263 |   3828 |   3587 |   3 | 3538.3 |
         Abyss |    530 |    530 |      0 |     44 |      3 |   1 |  530.0 |
        Bazaar |    379 |    379 |      0 |      0 |     42 |   1 |  379.0 |
        Bailey |   1039 |   1039 |      0 |    287 |    225 |   1 | 1039.0 |
        Wizlab |     32 |     32 |      0 |      0 |      0 |   1 |   32.0 |
      Gauntlet |    347 |    347 |      0 |     61 |      0 |   1 |  347.0 |
               +--------+--------+--------+--------+--------+-----+--------+

Top non-repeatable levels by time:
Depths:2: 4902 daAuts
Depths:1: 3914 daAuts
Vaults:3: 2709 daAuts
     D:9: 2406 daAuts
Vaults:2: 2344 daAuts
  Lair:2: 2273 daAuts
Vaults:4: 2215 daAuts
 Snake:1: 2155 daAuts
Vaults:1: 1904 daAuts
 Swamp:2: 1850 daAuts
Depths:3: 1799 daAuts
  Lair:3: 1744 daAuts
   Orc:2: 1635 daAuts
 Snake:2: 1614 daAuts
 Snake:4: 1515 daAuts
